 Dungeon Crawl Stone Soup version 0.25.1-2-g60ff931df9 (webtiles) character file.

Game seed: 454387498412356731

4640 Curus the Impaler (level 10, -7/80 HPs)
             Began as a Merfolk Gladiator on Oct 4, 2020.
             Was an Elder of Trog.
             Mangled by an orc warrior
             ... wielding a +0 trident
              (13 damage)
             ... in a bailey.
             The game lasted 00:32:04 (9310 turns).

Curus the Impaler (Merfolk Gladiator)               Turns: 9310, Time: 00:32:04

Health: -7/80      AC:  9    Str: 15    XL:     10   Next: 43%
Magic:  10/10      EV: 18    Int: 10    God:    Trog [****..]
Gold:   472        SH:  0    Dex: 19    Spells: 9/9 levels left

rFire    + . .     SeeInvis .   a - +3 trident
rCold    . . .     Gourm    .   (no shield)
rNeg     + . .     Faith    .   v - +0 swamp dragon scales
rPois    +         Spirit   .   q - +1 helmet {Int+3}
rElec    .         Reflect  .   (no cloak)
rCorr    .         Harm     .   (no gloves)
MR       ++...                  (no boots)
Stlth    +.........             (no amulet)
HPRegen  1.23/turn              r - ring of positive energy
MPRegen  0.12/turn              u - ring of protection from fire

@: berserk cooldown, very slightly contaminated, regenerating, slowed, very slow
A: change form in water, swift swim, stealthy swim
a: Berserk, Trog's Hand, Brothers in Arms, Renounce Religion


You were in a bailey.
You worshipped Trog.
Trog was greatly pleased with you.
You were very hungry.

You visited 1 branch of the dungeon, and saw 8 of its levels.
You also visited: Bailey.

You collected 472 gold pieces.

Inventory:

Hand Weapons
 a - a +3 trident (weapon)
Missiles
 d - 3 throwing nets (quivered)
Armour
 b - a +1 leather armour
 c - a +1 helmet
 q - a +1 helmet of intelligence (worn)
 v - +0 swamp dragon scales (worn)
Jewellery
 e - an uncursed ring of protection from fire
 l - an uncursed ring of fire
 n - a -4 ring of protection
 r - a ring of positive energy (left hand)
 t - an uncursed ring of protection from cold
 u - a ring of protection from fire (right hand)
Wands
 o - a wand of clouds (4)
 p - a wand of acid (9)
 x - a wand of iceblast (5)
 y - a wand of flame (20)
Scrolls
 i - 6 scrolls of teleportation
 j - 6 scrolls of identify
 k - 5 scrolls of remove curse
Potions
 g - 5 potions of curing
 h - a potion of stabbing
 m - a potion of flight
Comestibles
 f - 12 rations
 w - 11 chunks of flesh


   Skills:
 + Level 8.2 Fighting
 - Level 15.2 Polearms
 - Level 2.0 Throwing
 + Level 10.2 Dodging


You had 9 spell levels left.
You didn't know any spells.
Your spell library was empty.

Dungeon Overview and Level Annotations

Branches:
Dungeon (8/15)             Temple (0/1) D:5            Lair (0/6) D:8
 Bailey (1/1)

Altars:
Elyvilon
Fedhas
Gozag
Nemelex Xobeh
Sif Muna
Trog
Uskayaw
Vehumet
Xom
Yredelemnul

Annotations:
D:5 exclusion: oklob sapling
D:8 1 runed translucent door


Message History

The bolt of acid misses the orc warrior.
The bolt of acid hits the orc warrior.
The orc warrior is splashed with acid!
The orc warrior is almost dead.
The orc warrior barely misses you. The orc closely misses you.
The orc warrior hits you from afar with a +0 trident!
* * * LOW HITPOINT WARNING * * *
Evoke which item? (* to show all) (? for menu, Esc to quit)
Aiming: Iceblast
Press: ? - help, Shift-Dir - straight line, f/p - orc warrior
Aim: an orc warrior, wielding a +0 bardiche and wearing a +0 ring mail (almost dead)
The mass of ice explodes!
The iceblast engulfs the orc!
You kill the orc!
Trog accepts your kill.
The iceblast engulfs the orc warrior!
The orc warrior is heavily wounded.
The iceblast engulfs the orc warrior!
You kill the orc warrior!
Trog accepts your kill.
The orc warrior hits you from afar with a +0 trident!
You die...

####### ≈ ≈≈≈≈≈≈≈## . .......@##
.. .........##
'##########⌠....o).#≈≈≈≈≈≈≈..≈≈≈≈
..........#####.o).#≈≈≈≈≈c.≈≈≈...
.≈≈≈≈≈≈≈≈≈....##...#≈≈≈≈.≈≈≈.....
≈≈.).....≈≈≈.⌠.#.).#≈≈≈≈.≈.......
..≈≈≈≈≈≈≈..≈≈..#.))#≈≈≈c≈≈.⌠.....
≈≈≈.....≈≈≈)≈≈)#⌠..#≈≈≈.≈........
≈..≈≈≈≈≈.((≈.≈)##..#≈≈.≈≈((..≈≈≈≈


You could see an orc warrior and an orc.

Vanquished Creatures
  Pikel (D:6)
  Maggie (D:8)
  Psyche (D:8)
  Menkaure (D:6)
  Edmund (D:6)
  2 sky beasts
  An ice beast (D:6)
  5 orc warriors (Bailey)
  A slave (D:6)
  5 ogres
  2 black bears
  3 centaurs
  4 bullfrogs (D:6)
  An elf skeleton (D:7)
  A water moccasin skeleton (D:8)
  A scorpion (D:5)
  A troll skeleton (D:7)
  4 wights (D:7)
  3 jellies
  3 human zombies (D:7)
  A bullfrog zombie (D:5)
  2 hounds
  6 orc wizards
  2 bullfrog skeletons
  A centaur skeleton (D:6)
  4 orc priests
  2 iguanas
  4 worker ants
  An ogre zombie (D:7)
  A hound zombie (D:7)
  A hound skeleton (D:3)
  2 mummies (D:7)
  2 worker ant zombies (D:5)
  2 gnolls (D:8)
  4 adders
  3 shadow imps
  3 oozes
  4 adder skeletons
  An adder zombie (D:7)
  3 worms
  3 dart slugs (D:1)
  5 leopard geckos
  44 orcs
  3 ball pythons
  4 bats
  6 giant cockroaches
  15 goblins
  12 hobgoblins
  15 jackals
  2 quokkas
  5 frilled lizards
  A jackal skeleton (D:5)
  12 kobolds
  A leopard gecko skeleton (D:8)
  11 rats
230 creatures vanquished.

Vanquished Creatures (others)
  A leopard gecko skeleton (D:6)
1 creature vanquished.

Grand Total: 231 creatures vanquished

Notes
Turn   | Place    | Note
-------+----------+-------------------------------------------
     0 | D:1      | Curus the Merfolk Gladiator began the quest for the Orb.
     0 | D:1      | Reached XP level 1. HP: 16/16 MP: 1/1
   100 | D:1      | Reached skill level 5 in Polearms
   100 | D:1      | Reached XP level 2. HP: 8/22 MP: 2/2
   611 | D:1      | Reached skill level 6 in Polearms
   611 | D:1      | Reached XP level 3. HP: 27/27 MP: 3/3
  1532 | D:2      | Reached XP level 4. HP: 33/33 MP: 4/4
  1542 | D:2      | Reached skill level 7 in Polearms
  1628 | D:2      | Found a white marble altar of Elyvilon.
  1655 | D:2      | Found a bloodstained altar of Trog.
  1666 | D:2      | Became a worshipper of Trog the Wrathful
  2265 | D:3      | Reached skill level 8 in Polearms
  2265 | D:3      | Reached XP level 5. HP: 13/38 MP: 5/5
  2719 | D:3      | Found an opulent altar of Gozag.
  3158 | D:3      | Found a faded altar of an unknown god.
  3514 | D:4      | Reached skill level 9 in Polearms
  3516 | D:4      | Reached * piety under Trog
  3776 | D:4      | Found a shimmering altar of Xom.
  3776 | D:4      | Found a sparkling altar of Nemelex Xobeh.
  3777 | D:4      | Found a radiant altar of Vehumet.
  4035 | D:4      | Noticed a black bear
  4044 | D:4      | Killed a black bear
  4044 | D:4      | Reached XP level 6. HP: 24/44 MP: 6/6
  4278 | D:5      | Entered Level 5 of the Dungeon
  4309 | D:5      | Reached skill level 10 in Polearms
  4350 | D:5      | Reached XP level 7. HP: 18/50 MP: 7/7
  4373 | D:5      | HP: 2/50 [poisoned by a worker ant]
  4701 | D:5      | Found a blossoming altar of Fedhas.
  4721 | D:5      | Reached skill level 11 in Polearms
  4768 | D:5      | Found a hide-covered altar of Uskayaw.
  4773 | D:5      | Reached skill level 12 in Polearms
  5083 | D:5      | Found a staircase to the Ecumenical Temple.
  5242 | D:6      | Noticed Menkaure
  5264 | D:6      | Killed Menkaure
  5264 | D:6      | Reached ** piety under Trog
  5264 | D:6      | Reached XP level 8. HP: 26/56 MP: 8/8
  5268 | D:6      | Reached skill level 13 in Polearms
  5795 | D:6      | Noticed Pikel
  5827 | D:6      | Killed Pikel
  5827 | D:6      | Reached skill level 15 in Polearms
  5939 | D:6      | Reached XP level 9. HP: 57/62 MP: 9/9
  6185 | D:6      | Noticed Edmund
  6214 | D:6      | Killed Edmund
  6214 | D:6      | Reached skill level 5 in Dodging
  7191 | D:7      | Reached skill level 5 in Fighting
  7725 | D:7      | Found a basalt altar of Yredelemnul.
  7778 | D:7      | Reached *** piety under Trog
  8509 | D:8      | Found a staircase to the Lair.
  8531 | D:8      | Found a runed translucent door.
  8542 | D:8      | Noticed Maggie
  8570 | D:8      | Killed Maggie
  8570 | D:8      | Reached XP level 10. HP: 42/77 MP: 10/10
  8736 | D:8      | Found a shimmering blue altar of Sif Muna.
  8852 | D:8      | Noticed Psyche
  8864 | D:8      | Killed Psyche
  8950 | D:8      | Found a flagged portal.
  9031 | Bailey   | Entered a bailey
  9040 | Bailey   | Reached **** piety under Trog
  9290 | Bailey   | Reached skill level 10 in Dodging
  9309 | Bailey   | HP: 4/80 [orc warrior/+0 trident (9)]
  9310 | Bailey   | Mangled by an orc warrior

Illustrated notes

Levels and vault maps discovered:
D:1:      giann_wishing_wells, layout_basic, minmay_hedge_maze,
          minmay_indecisive_spiral
D:2:      layout_loops_ring, bloody_trog, lemuel_crystal_altar,
          kennysheep_cluttered_room
D:3:      layout_basic, lemuel_crystal_altar, chequers_ecumenical_altar_island,
          serial_glass, glass_columns_c, glass_columns_c,
          corexii_leaking_fountain
D:4:      black_bear_nest_2, layout_loops_ring,
          chequers_temple_overflow_statue_of_worship
D:5:      layout_rooms, eat_drink_and_be_merry_uskayaw, fedhas_altar_3,
          minmay_temple_entry_oklob, first_ration
D:6:      layout_basic, uniq_edmund, uniq_pikel, uniq_menkaure
D:7:      layout_layer_cave, lemuel_mausoleum_altar_yredelemnul
D:8:      layout_cave_pools, nicolae_overflow_crystal_walls,
          gammafunk_temple_overflow_pools, lair_entry_dummy,
          serial_column_ruins, column_ruins_columns_straight,
          column_ruins_open_small, column_ruins_grid_1,
          column_ruins_columns_straight, column_ruins_open_tiny,
          column_ruins_columns_straight, column_ruins_corridor_straight,
          lightli_bailey_entry_fortress, ebering_ghost_reflecting_pool,
          grunt_pizzeria, minivault_19, uniq_maggie, uniq_psyche
Bailey:   bailey_polearm_flooded_kennysheep, bailey

Skill      XL: |  1  2  3  4  5  6  7  8  9 10 |
---------------+-------------------------------+-----
Polearms       | 5 6 8 9 10 12 15 | 15.2
Fighting       | 6 8 |  8.2
Dodging        | 8 10 | 10.2
Throwing       | |  2.0

Action                   |  1- 3 |  4- 6 |  7- 9 | 10-12 || total
-------------------------+-------+-------+-------+-------++-------
Melee: Trident           |   102 |   186 |   405 |   181 ||   874
       Tailslap          |       |       |       |     5 ||     5
Throw: Throwing net      |       |       |       |     1 ||     1
Invok: Berserk           |       |     1 |     4 |     2 ||     7
       Trog's Hand       |       |       |       |     1 ||     1
Evoke: Wand              |       |       |       |     2 ||     2
  Use: Scroll            |     6 |     6 |     5 |     1 ||    18
       Potion            |     3 |     2 |     4 |       ||     9
 Stab: Sleeping          |     3 |     4 |     2 |       ||     9
       Distracted        |       |       |       |     1 ||     1
  Eat: Chunk             |     2 |     9 |    11 |     3 ||    25
       Ration            |       |       |     2 |       ||     2
Armor: Leather armour    |    25 |    12 |    34 |       ||    71
       Swamp dragon scal |       |       |       |    21 ||    21
Dodge: Dodged            |    57 |    74 |   136 |   131 ||   398
